NWL (28 & UNDER)
BALZAC RAMS @ SAN DIEGO SMASHERS
07/08/2027
 
TOP OF THE 1ST
Balzac Rams batting - Pitching for San Diego Smashers : LHP Rafael Alemán
Pitching: LHP Rafael Alemán
Batting: RHB Jason Ward 0-0: Foul Ball, location: 2F
0-1: Ball
1-1: Ball
2-1: Foul Ball, location: 2F
2-2: Ball
3-2: Base on Balls
Batting: LHB Fernando Cruz 0-0: Ball
1-0: Called Strike
1-1: Ball
2-1: Called Strike
2-2: Strikes out swinging
Batting: RHB Jeff Stevenson 0-0: Called Strike
0-1: Ball
1-1: Ball
2-1: Foul Ball, location: 2F
2-2: Grounds into double play, 6-4-3 (Groundball, 6)
Top of the 1st over - 0 run(s), 0 hit(s), 0 error(s), 0 left on base; Balzac 0 - San Diego 0
BOTTOM OF THE 1ST
San Diego Smashers batting - Pitching for Balzac Rams : LHP José Gallegos
Pitching: LHP José Gallegos
Batting: RHB Gustavo Torres 0-0: Called Strike
0-1: Ball
1-1: Foul Ball, location: 2F
1-2: Foul Ball, location: 2F
1-2: Foul Ball, location: 2F
1-2: Ball
2-2: Ball
3-2: Strikes out swinging
Batting: RHB John Nelson 0-0: Ball
1-0: Ball
2-0: Swinging Strike
2-1: Ball
3-1: Base on Balls
Batting: LHB Ken Phillips 0-0: Ball
1-0: Ball
2-0: Foul Ball, location: 2F
2-1: Swinging Strike
2-2: Foul Ball, location: 2F
2-2: Ball
3-2: SINGLE (Groundball, 4MD)
John Nelson to second
Runner from 2nd tries for 3rd, SAFE, throw made to third
Batting: LHB Ramiro Martínez 0-0: Fielders Choice at 2nd, 4-6 (Groundball, 34)
John Nelson scores
Batting: RHB Nate Atkinson 0-0: Foul Ball, location: 2F
0-1: Called Strike
0-2: Ball
1-2: Ball
2-2: Ball
3-2: Strikes out swinging
Bottom of the 1st over - 1 run(s), 1 hit(s), 0 error(s), 1 left on base; Balzac 0 - San Diego 1
TOP OF THE 2ND
Balzac Rams batting - Pitching for San Diego Smashers : LHP Rafael Alemán
Batting: RHB James Tucker 0-0: Ground out 5-3 (Groundball, 56)
Batting: LHB Daniel Carter 0-0: Called Strike
0-1: Foul Ball, location: 2F
0-2: Foul Ball, location: 2F
0-2: Strikes out swinging
Batting: RHB Tommy Wilson 0-0: Foul Ball, location: 2F
0-1: Foul Ball, location: 2F
0-2: Ball
1-2: Ball
2-2: Strikes out swinging
Top of the 2nd over - 0 run(s), 0 hit(s), 0 error(s), 0 left on base; Balzac 0 - San Diego 1
BOTTOM OF THE 2ND
San Diego Smashers batting - Pitching for Balzac Rams : LHP José Gallegos
Batting: LHB Jaime Icaza 0-0: Called Strike
0-1: Foul Ball, location: 2F
0-2: Strikes out swinging
Batting: SHB Michael Aisher 0-0: Foul Ball, location: 2F
0-1: Ball
1-1: Foul Ball, location: 2F
1-2: Ball
2-2: Ground out 4-3 (Groundball, 4)
Batting: RHB Ricardo Guzmán 0-0: Ball
1-0: Ground out 5-3 (Groundball, 56)
Bottom of the 2nd over - 0 run(s), 0 hit(s), 0 error(s), 0 left on base; Balzac 0 - San Diego 1
TOP OF THE 3RD
Balzac Rams batting - Pitching for San Diego Smashers : LHP Rafael Alemán
Batting: RHB Enrique Castillo 0-0: Ground out 5-3 (Groundball, 56D)
Batting: RHB Ricardo Muńóz 0-0: Foul Ball, location: 2F
0-1: Called Strike
0-2: Strikes out swinging
Batting: RHB Brian Parks 0-0: Ball
1-0: Ground out 6-3 (Groundball, 6)
Top of the 3rd over - 0 run(s), 0 hit(s), 0 error(s), 0 left on base; Balzac 0 - San Diego 1
BOTTOM OF THE 3RD
San Diego Smashers batting - Pitching for Balzac Rams : LHP José Gallegos
Batting: RHB Larry Turner 0-0: Ball
1-0: Ball
2-0: Called Strike
2-1: Foul Ball, location: 2F
2-2: Fly out, F9 (Flyball, 9LS)
Batting: RHB Gustavo Torres 0-0: Ball
1-0: Ball
2-0: Called Strike
2-1: Foul Ball, location: 2F
2-2: Ball
3-2: Single, Error in OF, E9, batter to second base
Batting: RHB John Nelson 0-0: Called Strike
0-1: Fly out, F5 (Line Drive, 56)
Batting: LHB Ken Phillips 0-0: Called Strike
0-1: Called Strike
0-2: Ball
1-2: Ball
2-2: Strikes out swinging
Bottom of the 3rd over - 0 run(s), 1 hit(s), 1 error(s), 1 left on base; Balzac 0 - San Diego 1
TOP OF THE 4TH
Balzac Rams batting - Pitching for San Diego Smashers : LHP Rafael Alemán
Batting: RHB Jason Ward 0-0: SINGLE (Groundball, 34D)
Batting: LHB Fernando Cruz 0-0: 2-RUN HOME RUN (Flyball, 89XD), Distance : 416 ft
Batting: RHB Jeff Stevenson 0-0: Ball
1-0: Foul Ball, location: 2F
1-1: Called Strike
1-2: Fly out, F9 (Flyball, 9)
Batting: RHB James Tucker 0-0: Ball
1-0: Swinging Strike
1-1: Ball
2-1: Swinging Strike
2-2: Fly out, F5 (Popup, 5)
Batting: LHB Daniel Carter 0-0: Swinging Strike
0-1: Ball
1-1: Swinging Strike
1-2: Ball
2-2: Ball
3-2: Foul Ball, location: 2F
3-2: Strikes out swinging
Top of the 4th over - 2 run(s), 2 hit(s), 0 error(s), 0 left on base; Balzac 2 - San Diego 1
BOTTOM OF THE 4TH
San Diego Smashers batting - Pitching for Balzac Rams : LHP José Gallegos
Batting: LHB Ramiro Martínez 0-0: Ball
1-0: Ball
2-0: Called Strike
2-1: DOUBLE (Line Drive, 7LS)
Batting: RHB Nate Atkinson 0-0: Foul Ball, location: 2F
0-1: Swinging Strike
0-2: Fly out, F8 (Line Drive, 8LD)
Batting: LHB Jaime Icaza 0-0: Ball
1-0: Called Strike
1-1: Ball
2-1: Foul Ball, location: 2F
2-2: Foul Ball, location: 2F
2-2: Foul Ball, location: 2F
2-2: Ground out 4-3 (Groundball, 4)
Ramiro Martínez to third
Batting: SHB Michael Aisher 0-0: Ball
1-0: Swinging Strike
1-1: SINGLE (Groundball, 34D)
Ramiro Martínez scores
Batting: RHB Ricardo Guzmán 0-0: Ball
1-0: Foul Ball, location: 2F
1-1: Fly out, F6 (Line Drive, 6M)
Bottom of the 4th over - 1 run(s), 2 hit(s), 0 error(s), 1 left on base; Balzac 2 - San Diego 2
TOP OF THE 5TH
Balzac Rams batting - Pitching for San Diego Smashers : LHP Rafael Alemán
Batting: RHB Tommy Wilson 0-0: Ball
1-0: Ball
2-0: Fly out, F9 (Line Drive, 9)
Batting: RHB Enrique Castillo 0-0: Foul Ball, location: 2F
0-1: Swinging Strike
0-2: SINGLE (Line Drive, 34D)
Batting: RHB Ricardo Muńóz 0-0: Called Strike
0-1: Swinging Strike
0-2: SINGLE (Line Drive, 56)
Enrique Castillo to second
Batting: RHB Brian Parks 0-0: Swinging Strike
0-1: Called Strike
0-2: Strikes out swinging
Batting: RHB Jason Ward 0-0: Called Strike
0-1: Foul Ball, location: 2F
0-2: Strikes out looking
Top of the 5th over - 0 run(s), 2 hit(s), 0 error(s), 2 left on base; Balzac 2 - San Diego 2
BOTTOM OF THE 5TH
San Diego Smashers batting - Pitching for Balzac Rams : LHP José Gallegos
Batting: RHB Larry Turner 0-0: Ball
1-0: Ball
2-0: Foul Ball, location: 2F
2-1: Ball
3-1: Base on Balls
Batting: RHB Gustavo Torres 0-0: Foul Ball, location: 2F
0-1: Fielders Choice at 2nd, 1-6 (Groundball, P)
Batting: RHB John Nelson 0-0: Called Strike
0-1: Swinging Strike
0-2: Ball
1-2: Foul Ball, location: 2F
1-2: Ball
2-2: Strikes out swinging
Gustavo Torres steals 2nd base
Batter strikes out.
Batting: LHB Ken Phillips 0-0: Ball
1-0: Fly out, F9 (Flyball, 89M)
Bottom of the 5th over - 0 run(s), 0 hit(s), 0 error(s), 1 left on base; Balzac 2 - San Diego 2
TOP OF THE 6TH
Balzac Rams batting - Pitching for San Diego Smashers : LHP Rafael Alemán
Batting: LHB Fernando Cruz 0-0: Fly out, F4 (Line Drive, 4)
Batting: RHB Jeff Stevenson 0-0: Ball
1-0: Called Strike
1-1: Fly out, F9 (Flyball, 9LS)
Batting: RHB James Tucker 0-0: Ball
1-0: Foul Ball, location: 2F
1-1: Ground out 6-3 (Groundball, 6MS)
Top of the 6th over - 0 run(s), 0 hit(s), 0 error(s), 0 left on base; Balzac 2 - San Diego 2
BOTTOM OF THE 6TH
San Diego Smashers batting - Pitching for Balzac Rams : LHP José Gallegos
Batting: LHB Ramiro Martínez 0-0: Ball
1-0: Called Strike
1-1: Fly out, F9 (Flyball, 89S)
Batting: RHB Nate Atkinson 0-0: Ball
1-0: Foul Ball, location: 2F
1-1: Ball
2-1: Swinging Strike
2-2: Foul Ball, location: 2F
2-2: Ball
3-2: Foul Ball, location: 2F
3-2: Base on Balls
Pitching: LHP Martin Balsano
Batting: LHB Jaime Icaza 0-0: Called Strike
0-1: Grounds into double play, 6-4-3 (Groundball, 6)
Bottom of the 6th over - 0 run(s), 0 hit(s), 0 error(s), 0 left on base; Balzac 2 - San Diego 2
TOP OF THE 7TH
Balzac Rams batting - Pitching for San Diego Smashers : LHP Rafael Alemán
Batting: LHB Daniel Carter 0-0: Ball
1-0: Foul Ball, location: 2F
1-1: Foul Ball, location: 2F
1-2: SOLO HOME RUN (Flyball, 9LD), Distance : 357 ft
Batting: RHB Tommy Wilson 0-0: Ball
1-0: Ball
2-0: Ball
3-0: Called Strike
3-1: Base on Balls
Batting: RHB Enrique Castillo 0-0: Sac Bunt - play at second, runner OUT! 1-6
Batting: RHB Ricardo Muńóz 0-0: Called Strike
0-1: Fly out, F9 (Flyball, 9)
Batting: RHB Brian Parks 0-0: Foul Ball, location: 2F
0-1: Swinging Strike
0-2: Strikes out swinging
Top of the 7th over - 1 run(s), 1 hit(s), 0 error(s), 1 left on base; Balzac 3 - San Diego 2
BOTTOM OF THE 7TH
San Diego Smashers batting - Pitching for Balzac Rams : LHP Martin Balsano
Batting: SHB Michael Aisher 0-0: Ball
1-0: Ball
2-0: Foul Ball, location: 2F
2-1: Ball
3-1: Base on Balls
Batting: RHB Ricardo Guzmán 0-0: Called Strike
0-1: Bunted foul
0-2: Fly out, F9 (Flyball, 89M)
Pinch Hitting: RHB Fred Ameris 0-0: Ball
1-0: Foul Ball, location: 2F
1-1: Ball
Michael Aisher is caught stealing 2nd base
2-1: Ball
3-1: Foul Ball, location: 2F
3-2: Foul Ball, location: 2F
3-2: Fly out, F9 (Flyball, 9S)
Bottom of the 7th over - 0 run(s), 0 hit(s), 0 error(s), 0 left on base; Balzac 3 - San Diego 2
TOP OF THE 8TH
Balzac Rams batting - Pitching for San Diego Smashers : LHP Rafael Alemán
Now at SS: Walt Rodgers
Batting: RHB Jason Ward 0-0: Fly out, F8 (Flyball, 8LXD)
Batting: LHB Fernando Cruz 0-0: Called Strike
0-1: Called Strike
0-2: Ground out U3 (Groundball, 3L)
Batting: RHB Jeff Stevenson 0-0: Called Strike
0-1: Ground out 5-3 (Groundball, 56)
Top of the 8th over - 0 run(s), 0 hit(s), 0 error(s), 0 left on base; Balzac 3 - San Diego 2
BOTTOM OF THE 8TH
San Diego Smashers batting - Pitching for Balzac Rams : LHP Martin Balsano
Pitching: LHP Nick Johnson
Batting: RHB Gustavo Torres 0-0: Called Strike
0-1: Foul Ball, location: 2F
0-2: Ball
1-2: Ball
2-2: Ball
3-2: SINGLE (Groundball, 56D)
Batting: RHB John Nelson 0-0: Swinging Strike
0-1: Ball
1-1: Foul Ball, location: 2F
1-2: Foul Ball, location: 2F
1-2: Foul Ball, location: 2F
1-2: Ball
2-2: Foul Ball, location: 2F
2-2: Ball
3-2: Fly out, F9 (Flyball, 9LS)
Batting: LHB Ken Phillips 0-0: Called Strike
0-1: Ball
1-1: Ball
2-1: Ground out 4-3 (Groundball, 34)
Gustavo Torres to second
Batting: LHB Ramiro Martínez 0-0: Ball
1-0: Ground out 6-3 (Groundball, 6)
Bottom of the 8th over - 0 run(s), 1 hit(s), 0 error(s), 1 left on base; Balzac 3 - San Diego 2
TOP OF THE 9TH
Balzac Rams batting - Pitching for San Diego Smashers : LHP Rafael Alemán
Batting: RHB James Tucker 0-0: Ground out 5-3 (Groundball, 5S)
Batting: LHB Daniel Carter 0-0: Called Strike
0-1: Ground out 4-3 (Groundball, 34)
Batting: RHB Tommy Wilson 0-0: Ball
1-0: Swinging Strike
1-1: Ball
2-1: Ball
3-1: Base on Balls
Pitching: LHP Jesús Martínez
Pinch Hitting: RHB Félix Quintero 0-0: Called Strike
0-1: Called Strike
0-2: Ball
1-2: Strikes out swinging
Top of the 9th over - 0 run(s), 0 hit(s), 0 error(s), 1 left on base; Balzac 3 - San Diego 2
BOTTOM OF THE 9TH
San Diego Smashers batting - Pitching for Balzac Rams : LHP Nick Johnson
Pitching: RHP David Elías
Now at SS: Tomás Díaz
Pinch Hitting: RHB Gilberto Guzmán 0-0: Foul Ball, location: 2F
0-1: Called Strike
0-2: Ball
1-2: Ball
2-2: Foul Ball, location: 2F
2-2: Ball
3-2: Base on Balls
Batting: LHB Jaime Icaza 0-0: Called Strike
0-1: Sac Bunt - play at first, batter OUT! 2-4
Gilberto Guzmán to second
Pinch Hitting: RHB Marty Hendrickson 0-0: Called Strike
0-1: TRIPLE (Flyball, 8LXD)
Gilberto Guzmán scores
Batting: RHB Ricardo Guzmán 0-0: Intentional Walk
Pinch Hitting: RHB Felipe Lópes 0-0: Called Strike
0-1: Called Strike
0-2: Hit by Pitch
Ricardo Guzmán to second
Batting: RHB Gustavo Torres 0-0: Ball
1-0: SINGLE (Groundball, 4D)
Marty Hendrickson scores
Thursday, March 30th, 2017 - OOTP Baseball 17.12 Build 75